 Dungeon Crawl Stone Soup version 0.30.0-10-gfe55d96785 (webtiles) character file.

Game seed: 4072894388415961286

767 qw the Chopper (level 7, 0/44 HPs)
             Began as a Gargoyle Fighter on May 13, 2023.
             Slain by Blork the orc
             ... wielding a +0 flail
              (6 damage)
             ... on level 6 of the Dungeon.
             The game lasted 00:01:56 (3650 turns).

qw the Chopper (Gargoyle Fighter)                   Turns: 3650, Time: 00:01:57

Health: 0/44       AC: 15    Str: 21    XL:     7   Next: 82%
Magic:  7/7        EV:  9    Int:  9    God:
Gold:   82         SH:  4    Dex:  9    Spells: 6/6 levels left

rFire   . . .        Y - +1 war axe
rCold   . . .        c - +0 buckler
rNeg    + + .        b - +0 scale mail
rPois   inf          (no helmet)
rElec   +            (no cloak)
rCorr   .            p - +0 pair of gloves
SInv    .            m - +2 pair of boots
Will    .....        (no amulet) Stlth
                     r - ring of positive energy
HPRegen 0.27/turn    (no ring)
MPRegen 0.10/turn

%: no passive effects
@: about to teleport
A: sickness immunity, AC +4, negative energy resistance 1, electricity
resistance, torment resistance 1, petrification resistance
a: no special abilities


You were on level 6 of the Dungeon.
You visited 1 branch of the dungeon, and saw 5 of its levels.
You also visited: Sewer.

You collected 302 gold pieces.
You spent 220 gold pieces at shops.


Innate Abilities, Weirdness & Mutations

You are immune to sickness and miasma.
Your stone body is resilient. (AC +4)
You are immune to poison.
You resist negative energy. (rN+)
You are resistant to electric shocks. (rElec)
You are resistant to unholy torment.
You are immune to petrification.


   Skills:
 + Level 4.6 Fighting
 - Level 7.0 Axes
 - Level 0.8 Throwing
 - Level 3.2 Armour
 - Level 1.4 Dodging
 - Level 3.2 Shields


You had 6 spell levels left.
You didn't know any spells.
Your spell library was empty.

Inventory:

Hand Weapons
 o - a +0 morningstar
 Y - a +1 war axe (weapon)
Missiles
 a - 3 boomerangs (quivered)
Armour
 b - a +0 scale mail (worn)
 c - a +0 buckler (worn)
 m - a +2 pair of boots (worn)
 p - a +0 pair of gloves (worn)
Jewellery
 r - a ring of positive energy (left hand)
Scrolls
 h - a scroll of identify
 k - a scroll of teleportation
Potions
 d - 6 potions of might
 g - a potion of curing
 n - a potion of flight {unknown}
 q - a potion of haste
 s - a potion of resistance

Dungeon Overview and Level Annotations

Branches:
Dungeon (6/15)              Sewer (visited)
 Temple: D:4-7

Altars:

Shops:
D:3 =

Annotations:
D:2 1 runed translucent door, Crazy Yiuf
D:6 Blork the orc


Message History

You open the door.
You see here a wand of flame (6).
Blork the orc comes into view.
He is wielding a +0 flail.
Blork the orc shouts!
3639 ||| Stepping ~*~*~tactically~*~*~ (hiding).
You start waiting.
Blork the orc is nearby!
You throw a boomerang. The boomerang hits Blork the orc.
Blork the orc is lightly wounded.
Blork the orc gestures wildly while chanting.
Blork the orc seems to speed up.
You throw a boomerang.
The boomerang closely misses Blork the orc.
Blork the orc points at you and mumbles some strange words.
The puff of frost hits you.
You hit Blork the orc.
Blork the orc is lightly wounded.
You block Blork the orc's attack.
Blork the orc hits you but does no damage.
You hit Blork the orc but do no damage.
Blork the orc is lightly wounded.
Blork the orc gestures at you while chanting.
The puff of flame hits you!
Blork the orc begins to cast a cantrip, but forgets the words!
You hit Blork the orc.
Blork the orc is lightly wounded.
Blork the orc gestures at you while chanting.
The magic dart hits you! Blork the orc hits you with a +0 flail!
You slash Blork the orc!
Blork the orc is heavily wounded.
Blork the orc gestures at you while chanting.
You block the puff of flame. Blork the orc hits you with a +0 flail.
You closely miss Blork the orc.
Blork the orc is heavily wounded.
Blork the orc hits you with a +0 flail!
3650 ||| READING 2 scrolls of teleportation.
As you read the scroll of teleportation, it crumbles to dust.
You feel strangely unstable. Blork the orc hits you with a +0 flail.
You die...

##'################......
#))).......##.......>....
..###.)........##.#####......
#...............'..# ###......
#...#...........######''......
..#.........../.# #..[.......
# ##............####..........
#............##.'..........
....)......@..##.#.....#....
.##.#.......o..##.#.....##...
#....##..##.###.########...
#.... ##..... ### #... .....
###.### ### #. #o ..


You could see Blork the orc (fast).

Vanquished Creatures
  A centaur (D:6)
  A kobold brigand (Sewer)
  A bullfrog (D:6)
  A scorpion (D:6)
  4 wights (D:6)
  An orc priest (D:3)
  2 iguanas
  A sleepcap (D:3)
  An orc wizard (D:3)
  A hound skeleton (D:2)
  A gnoll (D:1)
  2 adders
  3 adder skeletons (D:2)
  2 worms (D:6)
  2 dart slugs (D:1)
  6 orcs (D:3)
  6 bats
  2 bat skeletons (D:2)
  8 endoplasms
  6 giant cockroaches
  3 goblins
  2 hobgoblins (D:1)
  13 jackals
  10 kobolds
  4 quokkas
  10 ball pythons
  A ball python zombie (D:2)
  4 frilled lizards
  3 rats
102 creatures vanquished.

Vanquished Creatures (others)
  An orc (D:6)
1 creature vanquished.

Grand Total: 103 creatures vanquished

Notes
Turn   | Place    | Note
-------+----------+-------------------------------------------
     0 | D:1      | qw the Gargoyle Fighter began the quest for the Orb.
     0 | D:1      | Reached XP level 1. HP: 14/14 MP: 1/1
     0 | D:1      | 0 ||| qw: Version: 0.2-a-92-gb77fa06
     0 | D:1      | 0 ||| qw: Game counter: 9
     0 | D:1      | 0 ||| qw: Always use a shield: true
     0 | D:1      | 0 ||| qw: God list: Okawaru
     0 | D:1      | 0 ||| qw: Allow faded altars: false
     0 | D:1      | 0 ||| qw: Do Orc after D:15 true
     0 | D:1      | 0 ||| qw: Do second Lair branch before Depths: true
     0 | D:1      | 0 ||| qw: Lair rune preference: random
     0 | D:1      | 0 ||| qw: Plans: Normal, Zot:1-4, God:TSO, Crypt, Tomb,
                  | Pan, Slime:5, Hells, Abyss, Win
     0 | D:1      | 0 ||| PLANNING D:1-11
   149 | D:1      | Reached skill level 2 in Axes
   163 | D:1      | 163 ||| Stepping ~*~*~tactically~*~*~ (hiding).
   164 | D:1      | 164 ||| Stepping ~*~*~tactically~*~*~ (hiding).
   247 | D:1      | Reached XP level 2. HP: 16/19 MP: 2/2
   339 | D:1      | 339 ||| Stepping ~*~*~tactically~*~*~ (stealth).
   497 | D:1      | Reached skill level 3 in Axes
   497 | D:1      | Reached XP level 3. HP: 15/23 MP: 3/3
   828 | D:1      | 828 ||| Stepping ~*~*~tactically~*~*~ (hiding).
   920 | D:1      | 920 ||| Stepping ~*~*~tactically~*~*~ (hiding).
   921 | D:1      | 921 ||| Stepping ~*~*~tactically~*~*~ (hiding).
   922 | D:1      | 922 ||| Stepping ~*~*~tactically~*~*~ (hiding).
  1140 | D:1      | 1140 ||| READING scroll labelled HUMUIB FAYSEIKA.
  1143 | D:1      | 1143 ||| READING 2 scrolls labelled EDGHOM YFEULEOM.
  1294 | D:2      | Found a runed translucent door.
  1294 | D:2      | Found the +8 whip "Snakebite" {venom, curare, rPois}
  1295 | D:2      | 1295 ||| DROPPING +0 club.
  1296 | D:2      | Noticed Crazy Yiuf
  1298 | D:2      | 1298 ||| DROPPING +0 hammer.
  1391 | D:2      | Reached XP level 4. HP: 27/28 MP: 4/4
  1487 | D:2      | Reached skill level 4 in Axes
  1545 | D:2      | 1545 ||| Stepping ~*~*~tactically~*~*~ (stealth).
  1574 | D:2      | 1574 ||| Stepping ~*~*~tactically~*~*~ (stealth).
  1926 | D:2      | 1926 ||| UPGRADING to +2 pair of boots.
  1931 | D:2      | 1931 ||| READING scroll labelled SYANWA VAERPH.
  1932 | D:2      | 1932 ||| READING scroll labelled NERUVI RIARAURPHOM.
  2014 | D:3      | 2014 ||| Stepping ~*~*~tactically~*~*~ (stealth).
  2086 | D:3      | Reached XP level 5. HP: 32/32 MP: 5/5
  2106 | D:3      | 2106 ||| Stepping ~*~*~tactically~*~*~ (hiding).
  2158 | D:3      | 2158 ||| DROPPING +8 whip "Snakebite" {venom, curare,
                  | rPois}.
  2190 | D:3      | 2190 ||| Stepping ~*~*~tactically~*~*~ (stealth).
  2195 | D:3      | 2195 ||| Stepping ~*~*~tactically~*~*~ (stealth).
  2199 | D:3      | 2199 ||| Stepping ~*~*~tactically~*~*~ (stealth).
  2201 | D:3      | 2201 ||| Stepping ~*~*~tactically~*~*~ (stealth).
  2203 | D:3      | 2203 ||| Stepping ~*~*~tactically~*~*~ (hiding).
  2204 | D:3      | 2204 ||| Stepping ~*~*~tactically~*~*~ (hiding).
  2205 | D:3      | 2205 ||| Stepping ~*~*~tactically~*~*~ (hiding).
  2212 | D:3      | Reached skill level 5 in Axes
  2214 | D:3      | HP: 8/32 [orc priest/+0 whip (4)]
  2215 | D:3      | 2215 ||| READING 2 scrolls of teleportation.
  2345 | D:3      | 2345 ||| DROPPING +0 flail.
  2376 | D:3      | 2376 ||| Stepping ~*~*~tactically~*~*~ (stealth).
  2377 | D:3      | 2377 ||| Stepping ~*~*~tactically~*~*~ (stealth).
  2378 | D:3      | 2378 ||| Stepping ~*~*~tactically~*~*~ (stealth).
  2398 | D:3      | Reached XP level 6. HP: 38/38 MP: 6/6
  2739 | D:3      | Found Waf Tokk's Jewellery Shoppe.
  2750 | D:3      | 2750 ||| SHOPLISTING amulet of the acrobat (330 gold, have
                  | 275).
  2750 | D:3      | 2750 ||| SHOPLISTING ring "Luarphij" {rF+ Str+5 Int+3 Dex-5
                  | SInv} (388 gold, have 275).
  2750 | D:3      | 2750 ||| SHOPLISTING ring "Mineakh" {rF+ Will+ MP+9} (621
                  | gold, have 275).
  2750 | D:3      | 2750 ||| BUYING ring of positive energy (220 gold).
  2750 | D:3      | Bought a ring of positive energy for 220 gold pieces
  2754 | D:3      | 2754 ||| UPGRADING to +0 pair of gloves.
  2759 | D:3      | 2759 ||| UPGRADING to ring of positive energy.
  2760 | D:3      | 2760 ||| READING scroll labelled DUBOTS ELUH.
  2761 | D:3      | 2761 ||| READING scroll labelled GUXAAT RIKUST.
  2762 | D:3      | 2762 ||| READING scroll labelled ORIQUO QUQUH.
  2763 | D:3      | 2763 ||| DRINKING 2 bubbling golden potions.
  2764 | D:3      | 2764 ||| DRINKING 2 murky dark potions.
  2765 | D:3      | 2765 ||| READING 2 scrolls of identify.
  2765 | D:3      | 2765 ||| IDENTIFYING grey potion
  2766 | D:3      | 2766 ||| DROPPING potion of degeneration.
  2767 | D:3      | 2767 ||| DROPPING potion of brilliance.
  2935 | D:4      | You fall into a shaft and drop 2 floors!
  2936 | D:6      | 2936 ||| PLANNING SEWER
  2954 | D:6      | Found a glowing drain.
  2961 | D:6      | 2961 ||| Stepping ~*~*~tactically~*~*~ (water).
  2969 | Sewer    | Entered a sewer
  3341 | Sewer    | 3341 ||| READING scroll labelled ATZAMA HENEQY.
  3342 | Sewer    | 3342 ||| DRINKING 2 glowing sapphire potions.
  3343 | Sewer    | 3343 ||| DRINKING 2 smoky red potions.
  3344 | Sewer    | 3344 ||| DRINKING 2 sedimented dark potions.
  3345 | Sewer    | 3345 ||| DRINKING 2 pink potions.
  3346 | Sewer    | 3346 ||| DROPPING potion of invisibility.
  3347 | Sewer    | 3347 ||| DROPPING potion of magic.
  3362 | D:6      | 3362 ||| PLANNING D:1-11
  3394 | D:6      | 3394 ||| Stepping ~*~*~tactically~*~*~ (hiding).
  3401 | D:6      | Reached skill level 6 in Axes
  3401 | D:6      | Reached XP level 7. HP: 36/43 MP: 7/7
  3412 | D:6      | Reached skill level 1 in Dodging
  3524 | D:6      | Reached skill level 7 in Axes
  3638 | D:6      | Noticed Blork the orc
  3639 | D:6      | 3639 ||| Stepping ~*~*~tactically~*~*~ (hiding).
  3649 | D:6      | HP: 5/44 [Blork the orc/+0 flail (7)]
  3650 | D:6      | 3650 ||| READING 2 scrolls of teleportation.
  3650 | D:6      | Slain by Blork the orc

Levels and vault maps discovered:
D:1:      psy_arrival_wood_between_worlds, layout_basic
D:2:      layout_basic, serial_undead, serial_undead_c, serial_undead_b,
          serial_undead_c, serial_undead_a, serial_undead_a, serial_undead_b,
          uniq_crazy_yiuf_cottage
D:3:      layout_basic, serial_shops, nicolae_shop_statue_plus
D:4:      layout_basic, mainiacjoe_overflow_concentric_impassable,
          hex_intersection, kennysheep_pointless_box
D:6:      layout_basic, nicolae_kikubaaqudgha_miasma_corner,
          ebering_ghost_disaster_area, cheibrodos_sewer_entry_bend,
          pf_guarded_unrand_meek, uniq_blork_the_orc

Skill      XL: |  1  2  3  4  5  6  7 |
---------------+----------------------+-----
Axes           | 2 3 4 5 6 7 |  7.0
Fighting       | 4 |  4.6
Dodging        | 1 |  1.4
Throwing       | |  0.8
Armour         | |  3.2
Shields        | |  3.2

Action                     |  1- 3 |  4- 6 |  7- 9 || total
---------------------------+-------+-------+-------++-------
  Melee: War axe           |    84 |   206 |    27 ||   317
  Throw: Javelin           |    15 |     6 |       ||    21
         Boomerang         |       |       |     4 ||     4
    Use: Scroll            |     2 |     8 |     1 ||    11
         Potion            |       |     6 |       ||     6
 Armour: Scale mail        |    53 |   106 |    17 ||   176
  Dodge: Dodged            |    52 |    84 |    10 ||   146
  Block: Buckler           |    15 |    47 |    10 ||    72

Table legend:
 A = Non-vault XP
 B = Vault XP
 C = Vault XP percentage of total XP
 D = Non-vault monster count
 E = Vault monster count
 F = Vault count percentage of total count
                 A         B        C        D         E       F
            +---------+---------+-------+---------+---------+-------
      Total |     920 |     177 |  16.1 |      73 |      29 |  28.4
            +---------+---------+-------+---------+---------+-------
        D:1 |      54 |       0 |   0.0 |      22 |       0 |   0.0
        D:2 |      49 |      40 |  44.9 |      20 |       7 |  25.9
        D:3 |     203 |       0 |   0.0 |      23 |       0 |   0.0
        D:4 |      39 |       0 |   0.0 |       1 |       0 |   0.0
        D:6 |     575 |      10 |   1.7 |       7 |       2 |  22.2
      Sewer |       0 |     127 | 100.0 |       0 |      20 | 100.0
            +---------+---------+-------+---------+---------+-------
